 Dungeon Crawl Stone Soup version 0.29.0-4-gdea44cf6ec (webtiles) character file.

Game seed: 8370926360027845960

1303 qw the Grappler (level 8, -2/78 HPs)
             Began as a Troll Cinder Acolyte on Sept 1, 2022.
             Was a High Priest of Ignis.
             Slain by a gnoll sergeant
             ... wielding a +3 antimagic spear
              (9 damage)
             ... on level 5 of the Dungeon.
             The game lasted 00:02:27 (3237 turns).

qw the Grappler (Troll Cinder Acolyte)              Turns: 3237, Time: 00:02:28

Health: -2/78      AC: 13    Str: 25    XL:     8   Next: 31%
Magic:  0/8        EV:  9    Int: 10    God:    Ignis [*****.]
Gold:   60         SH:  0    Dex:  5    Spells: 9/9 levels left

rFire   + . .      SeeInvis +     - Unarmed
rCold   . . .      Faith    .   (no shield)
rNeg    . . .      Spirit   +   b - +2 robe of Hysteria {Slay+4}
rPois   .          Reflect  .   (helmet restricted)
rElec   .          Harm     .   (no cloak)
rCorr   .          Rampage  .   (gloves unavailable)
Will    .....                   (boots unavailable)
Stlth   +.........              k - amulet of guardian spirit
HPRegen 1.03/turn               e - ring of see invisible
MPRegen 0.11/turn               (no ring)

@: about to teleport, fiery-armoured
A: large, unfitting armour, claws 3, regeneration 1, shaggy fur 1, tough skin 1
a: Renounce Religion, Fiery Armour, Foxfire Swarm, Rising Flame


You were on level 5 of the Dungeon.
You worshipped Ignis.
Ignis was extremely pleased with you.
You visited 1 branch of the dungeon, and saw 5 of its levels.
You also visited: Ossuary.

You collected 354 gold pieces.
You spent 294 gold pieces at shops.


Innate Abilities, Weirdness & Mutations

You are too large for most types of armour.
You have claws for hands.
Your natural rate of healing is unusually fast.
You are covered in fur. (AC +1)
You have tough skin. (AC +1)


   Skills:
 - Level 3.8 Fighting
 - Level 1.1 Dodging
 + Level 9.8 Unarmed Combat
 - Level 1.0 Spellcasting
 - Level 2.1 Fire Magic


You had 9 spell levels left.
You didn't know any spells.
Your spell library contained the following spells:

 Spells                   Type           Power      Damage    Failure   Level
 Scorch                   Fire           8%         2d5       22%         2

Inventory:

Armour
 b - the +2 robe of Hysteria (worn) {Slay+4}
   (You found it on level 4 of the Dungeon)

   Slay:      It affects your accuracy & damage with ranged weapons and melee
   (+4).
Jewellery
 e - a ring of see invisible (left claw)
 i - a ring of ice
 k - an amulet of guardian spirit (around neck)
Scrolls
 c - a scroll of brand weapon
 f - 2 scrolls of teleportation
 m - a scroll of identify
 n - a scroll of enchant weapon
Potions
 a - a potion of resistance
 d - 5 potions of curing
 g - a potion of haste {unknown}
 h - a potion of degeneration {unknown}
 j - a potion of might
 o - 5 potions of heal wounds

Dungeon Overview and Level Annotations

Branches:
Dungeon (5/15)            Ossuary (visited)
 Temple: D:4-7

Altars:
Okawaru
Trog

Shops:
D:5 :!


Message History

The gnoll shouts!
The gnoll sergeant hits you with a +3 antimagic spear!
You feel your power leaking away.
The gnoll hits you from afar with a +0 halberd.
The gnoll sergeant blocks your attack.
Your claw misses the gnoll sergeant.
An iguana comes into view.
A gnoll comes into view. It is wielding a +0 club.
The gnoll sergeant hits you with a +3 antimagic spear.
The gnoll hits you from afar with a +0 halberd!
The gnoll sergeant blocks your attack.
The gnoll shouts!
The gnoll hits you from afar with a +0 halberd!
3233 ||| INVOKING Fiery Armour.
A protective cloak of flame settles atop you.
The gnoll closely misses you.
The gnoll sergeant hits you with a +3 antimagic spear!
The gnoll barely misses you. The gnoll sergeant blocks your attack.
The gnoll barely misses you.
The gnoll sergeant hits you with a +3 antimagic spear.
The gnoll sergeant is burned by your cloak of flames.
The gnoll sergeant is lightly wounded.
The gnoll hits you from afar with a +0 halberd.
3235 ||| Stepping ~*~*~tactically~*~*~ (outnumbered).
The iguana attacks as you move away! The iguana bites you.
The iguana is burned by your cloak of flames.
The iguana is lightly wounded.
The gnoll sergeant hits you with a +3 antimagic spear.
The gnoll sergeant is burned by your cloak of flames.
The gnoll sergeant is lightly wounded.
3236 ||| Stepping ~*~*~tactically~*~*~ (outnumbered).
The gnoll sergeant hits you from afar with a +3 antimagic spear!
3237 ||| READING 3 scrolls of teleportation.
As you read the scroll of teleportation, it crumbles to dust.
You feel strangely unstable. The iguana bites you!
The iguana is burned by your cloak of flames.
The iguana is moderately wounded.
The gnoll sergeant hits you from afar with a +3 antimagic spear!
You die...

#.#####.........## #.
#>...........#...####
#.#####.####......## #.#
#.# #.......#
#.#####.#####......#
#.##.......).....#.##
#.##.#######.........
#.#...## #.........
##..g@..#####..#.##.##
###.....l...(.#..#.##.#.
#......ggg.###.#..#......
#.##.....g####...........
#.................#..#.##
#..#.................#.#
#..#.#.######....)#..#.#
.. #.#.# #.###.#..#.#
#.#.######.###.#..#.#


You could see a gnoll sergeant, an iguana and 4 gnolls.

Vanquished Creatures
  2 wraiths (Ossuary)
  2 black bears
  An ogre (D:5)
  2 necrophages
  A scorpion (D:5)
  2 wights (Ossuary)
  2 howler monkeys (D:5)
  A hound (D:5)
  A jelly (D:5)
  2 orc priests (D:4)
  7 gnolls
  5 adders
  A river rat (D:4)
  An adder zombie (Ossuary)
  A worm (D:4)
  2 dart slugs
  12 orcs
  12 endoplasms
  3 giant cockroaches
  6 goblins
  4 hobgoblins
  2 jackals (D:4)
  4 quokkas (D:1)
  12 ball pythons
  3 ball python skeletons (Ossuary)
  9 bats
  5 frilled lizards
  A hobgoblin zombie (Ossuary)
  11 kobolds
  3 kobold zombies (Ossuary)
  An orc skeleton (Ossuary)
  An orc zombie (Ossuary)
  9 rats
131 creatures vanquished.

Notes
Turn   | Place    | Note
-------+----------+-------------------------------------------
     0 | D:1      | qw the Troll Cinder Acolyte began the quest for the Orb.
     0 | D:1      | Reached XP level 1. HP: 22/22 MP: 1/1
     0 | D:1      | 0 ||| qw: Version: 0.1-a-97-g2dd2ca4
     0 | D:1      | 0 ||| qw: Game counter: 4788
     0 | D:1      | 0 ||| qw: Always use a shield: true
     0 | D:1      | 0 ||| qw: God list: Okawaru
     0 | D:1      | 0 ||| qw: Allow faded altars: false
     0 | D:1      | 0 ||| qw: Do Orc after D:15 true
     0 | D:1      | 0 ||| qw: Do second Lair branch before Depths: true
     0 | D:1      | 0 ||| qw: Lair rune preference: random
     0 | D:1      | 0 ||| qw: Plans: Normal
     0 | D:1      | 0 ||| PLANNING D:1-11
    54 | D:1      | 54 ||| Stepping ~*~*~tactically~*~*~ (outnumbered).
    64 | D:1      | Reached XP level 2. HP: 26/29 MP: 2/2
   102 | D:1      | 102 ||| Stepping ~*~*~tactically~*~*~ (stealth).
   182 | D:1      | Reached skill level 4 in Unarmed Combat
   323 | D:1      | Reached XP level 3. HP: 34/36 MP: 3/3
   458 | D:1      | 458 ||| UPGRADING to ring of see invisible.
   459 | D:1      | 459 ||| READING scroll labelled MAKILO QYGETUA.
   460 | D:1      | 460 ||| READING 2 scrolls labelled WANKEE ZUFF.
   463 | D:1      | 463 ||| READING scroll labelled HYSHIM KUTUDAI.
   464 | D:1      | 464 ||| DRINKING 2 red potions.
   465 | D:1      | 465 ||| DRINKING 2 blue potions.
   466 | D:1      | 466 ||| DROPPING potion of attraction.
   467 | D:1      | 467 ||| DROPPING potion of flight.
   483 | D:2      | Found a bloodstained altar of Trog.
   484 | D:2      | 484 ||| STAIRDANCE
   510 | D:2      | 510 ||| Stepping ~*~*~tactically~*~*~ (outnumbered).
   511 | D:2      | 511 ||| Stepping ~*~*~tactically~*~*~ (outnumbered).
   512 | D:2      | 512 ||| Stepping ~*~*~tactically~*~*~ (outnumbered).
   518 | D:2      | Identified the +0 ring mail "Ekyibb" {rPois rC- Will-
                  | Dex+7}
   524 | D:2      | 524 ||| Stepping ~*~*~tactically~*~*~ (stealth).
   530 | D:2      | Found a faded altar of an unknown god.
   768 | D:2      | Reached XP level 4. HP: 44/44 MP: 4/4
   800 | D:2      | 800 ||| Stepping ~*~*~tactically~*~*~ (stealth).
   802 | D:2      | Reached skill level 5 in Unarmed Combat
  1060 | D:2      | 1060 ||| READING scroll labelled QOLEUF XOZEO.
  1061 | D:2      | 1061 ||| READING scroll labelled ASOCO LE BEKIUBB.
  1162 | D:2      | 1162 ||| READING scroll labelled QYTRAIW NEYL.
  1163 | D:2      | 1163 ||| READING scroll labelled CUSAAR DOROAH.
  1164 | D:2      | 1164 ||| READING 2 scrolls labelled ECA QITHRYHETZ.
  1165 | D:2      | 1165 ||| READING scroll labelled TUGADGH XIMUEPY.
  1166 | D:2      | 1166 ||| DRINKING 2 sedimented golden potions.
  1271 | D:2      | 1271 ||| READING 2 scrolls of identify.
  1271 | D:2      | 1271 ||| IDENTIFYING pink potion
  1272 | D:2      | 1272 ||| DROPPING potion of berserk rage.
  1304 | D:3      | 1304 ||| Stepping ~*~*~tactically~*~*~ (hiding).
  1724 | D:3      | 1724 ||| READING scroll labelled JUDGHA AXAUPO.
  1747 | D:3      | 1747 ||| READING 3 scrolls of identify.
  1747 | D:3      | 1747 ||| IDENTIFYING coppery potion
  1748 | D:3      | 1748 ||| READING 2 scrolls of identify.
  1748 | D:3      | 1748 ||| IDENTIFYING amethyst potion
  1749 | D:3      | 1749 ||| DROPPING potion of brilliance.
  1750 | D:3      | 1750 ||| DROPPING potion of magic.
  1767 | D:4      | 1767 ||| PLANNING OSSUARY
  1784 | D:4      | Noticed a necrophage
  1796 | D:4      | Killed a necrophage
  1797 | D:4      | Reached XP level 5. HP: 49/50 MP: 5/5
  1814 | D:4      | Reached skill level 6 in Unarmed Combat
  1829 | D:4      | Identified the +2 robe of Hysteria {Slay+4}
  1835 | D:4      | 1835 ||| Stepping ~*~*~tactically~*~*~ (outnumbered).
  1836 | D:4      | 1836 ||| Stepping ~*~*~tactically~*~*~ (hiding).
  1928 | D:4      | 1928 ||| Stepping ~*~*~tactically~*~*~ (stealth).
  1969 | D:4      | 1969 ||| Stepping ~*~*~tactically~*~*~ (stealth).
  1971 | D:4      | 1971 ||| INVOKING Fiery Armour.
  1976 | D:4      | 1976 ||| Stepping ~*~*~tactically~*~*~ (outnumbered).
  1994 | D:4      | Found a glowing drain.
  2096 | D:4      | Noticed a black bear
  2101 | D:4      | Killed a black bear
  2102 | D:4      | Reached skill level 7 in Unarmed Combat
  2102 | D:4      | Reached XP level 6. HP: 51/59 MP: 6/6
  2139 | D:4      | 2139 ||| Stepping ~*~*~tactically~*~*~ (hiding).
  2140 | D:4      | 2140 ||| Stepping ~*~*~tactically~*~*~ (hiding).
  2150 | D:4      | 2150 ||| Stepping ~*~*~tactically~*~*~ (outnumbered).
  2151 | D:4      | 2151 ||| Stepping ~*~*~tactically~*~*~ (outnumbered).
  2152 | D:4      | 2152 ||| Stepping ~*~*~tactically~*~*~ (outnumbered).
  2284 | D:4      | Found a sand-covered staircase.
  2285 | D:4      | 2285 ||| UPGRADING to +2 robe of Hysteria {Slay+4}.
  2295 | D:4      | 2295 ||| DROPPING +0 robe.
  2296 | D:4      | 2296 ||| UPGRADING to amulet of guardian spirit.
  2301 | D:4      | 2301 ||| READING scroll labelled BUXKOU DOUDWO.
  2306 | Ossuary  | Entered an ossuary
  2409 | Ossuary  | Noticed a flying skull
  2409 | Ossuary  | Noticed a wraith
  2420 | Ossuary  | Noticed a flying skull
  2422 | Ossuary  | Noticed a flying skull
  2422 | Ossuary  | Noticed a flying skull
  2472 | Ossuary  | Noticed a wraith
  2476 | Ossuary  | Killed a wraith
  2477 | Ossuary  | Reached skill level 8 in Unarmed Combat
  2477 | Ossuary  | Reached XP level 7. HP: 66/66 MP: 7/7
  2565 | Ossuary  | Noticed a wraith
  2569 | Ossuary  | Killed a wraith
  2570 | Ossuary  | Reached skill level 3 in Fighting
  2673 | Ossuary  | 2673 ||| DRINKING 2 viscous emerald potions.
  2674 | Ossuary  | 2674 ||| RIP SEWER
  2674 | Ossuary  | 2674 ||| READING 2 scrolls of identify.
  2674 | Ossuary  | 2674 ||| IDENTIFYING lumpy emerald potion
  2723 | D:4      | 2723 ||| RIP SEWER
  2724 | D:4      | 2724 ||| PLANNING D:1-11
  2757 | D:4      | Found an iron altar of Okawaru.
  2821 | D:5      | Entered Level 5 of the Dungeon
  2831 | D:5      | 2831 ||| INVOKING Fiery Armour.
  2835 | D:5      | HP: 17/68 [acid (2)]
  2919 | D:5      | Found Hyih's Book Emporium.
  2956 | D:5      | Reached skill level 9 in Unarmed Combat
  2963 | D:5      | 2963 ||| Stepping ~*~*~tactically~*~*~ (outnumbered).
  2964 | D:5      | 2964 ||| Stepping ~*~*~tactically~*~*~ (outnumbered).
  2966 | D:5      | Reached skill level 1 in Dodging
  2966 | D:5      | Reached XP level 8. HP: 60/78 MP: 5/8
  2991 | D:5      | 2991 ||| Stepping ~*~*~tactically~*~*~ (stealth).
  3018 | D:5      | 3018 ||| Stepping ~*~*~tactically~*~*~ (stealth).
  3087 | D:5      | 3087 ||| Stepping ~*~*~tactically~*~*~ (stealth).
  3140 | D:5      | 3140 ||| Stepping ~*~*~tactically~*~*~ (hiding).
  3141 | D:5      | 3141 ||| Stepping ~*~*~tactically~*~*~ (hiding).
  3171 | D:5      | Found Biojyap's Distillery.
  3178 | D:5      | 3178 ||| BUYING 2 potions of heal wounds (140 gold).
  3178 | D:5      | Bought 2 potions of heal wounds for 140 gold pieces
  3178 | D:5      | 3178 ||| BUYING potion of curing (42 gold).
  3178 | D:5      | Bought a potion of curing for 42 gold pieces
  3178 | D:5      | 3178 ||| BUYING potion of curing (42 gold).
  3178 | D:5      | Bought a potion of curing for 42 gold pieces
  3178 | D:5      | 3178 ||| BUYING potion of heal wounds (70 gold).
  3178 | D:5      | Bought a potion of heal wounds for 70 gold pieces
  3178 | D:5      | 3178 ||| SHOPLISTING potion of might (56 gold, have 40).
  3178 | D:5      | 3178 ||| SHOPLISTING potion of resistance (140 gold, have
                  | 40).
  3224 | D:5      | 3224 ||| Stepping ~*~*~tactically~*~*~ (stealth).
  3225 | D:5      | 3225 ||| Stepping ~*~*~tactically~*~*~ (stealth).
  3233 | D:5      | 3233 ||| INVOKING Fiery Armour.
  3235 | D:5      | 3235 ||| Stepping ~*~*~tactically~*~*~ (outnumbered).
  3236 | D:5      | 3236 ||| Stepping ~*~*~tactically~*~*~ (outnumbered).
  3236 | D:5      | HP: 17/78 [gnoll sergeant/+3 antimagic spear (9)]
  3237 | D:5      | 3237 ||| READING 3 scrolls of teleportation.
  3237 | D:5      | HP: 7/78 [iguana (11)]
  3237 | D:5      | Slain by a gnoll sergeant

Levels and vault maps discovered:
D:1:      dpeg_arrival_long_road, layout_rooms
D:2:      layout_rooms, basic_altar, ebering_ecumenical_altar_hall,
          palyth_stone_intersect, kennysheep_generic_room_11
D:3:      layout_rooms, chequers_serial_rivers_micro_a
D:4:      layout_basic, okawaru_altar_gauntlet_db, enter_ossuary_5,
          portal_sewer_entry_b, kennysheep_orc_chapel
D:5:      layout_loops_ring, serial_shops, nicolae_shop_statue_plus,
          nicolae_shop_behind_doors, nicolae_shop_hallway_plus

Skill      XL: |  1  2  3  4  5  6  7 |
---------------+----------------------+-----
Unarmed Combat | 4 5 7 8 9 |  9.8
Fighting       | 3 |  3.8
Dodging        | 1 |  1.1
Spellcasting   | |  1.0
Fire Magic     | |  2.1

Action                   |  1- 3 |  4- 6 |  7- 9 || total
-------------------------+-------+-------+-------++-------
Melee: Unarmed           |   116 |   129 |    67 ||   312
       Punch             |       |     2 |     2 ||     4
Invok: Fiery Armour      |       |     1 |     2 ||     3
  Use: Scroll            |     3 |    11 |     2 ||    16
       Potion            |     2 |     1 |     1 ||     4
Armor: Robe              |    61 |    26 |    21 ||   108
Dodge: Dodged            |    55 |    33 |    26 ||   114

Table legend:
 A = Non-vault XP
 B = Vault XP
 C = Vault XP percentage of total XP
 D = Non-vault monster count
 E = Vault monster count
 F = Vault count percentage of total count
                 A         B        C        D         E       F
            +---------+---------+-------+---------+---------+-------
      Total |    1171 |     691 |  37.1 |      97 |      34 |  26.0
            +---------+---------+-------+---------+---------+-------
        D:1 |      48 |       0 |   0.0 |      29 |       0 |   0.0
        D:2 |      62 |       3 |   4.6 |      24 |       2 |   7.7
        D:3 |      18 |       0 |   0.0 |      10 |       0 |   0.0
        D:4 |     305 |      98 |  24.3 |      16 |      18 |  52.9
        D:5 |     738 |       0 |   0.0 |      18 |       0 |   0.0
    Ossuary |       0 |     590 | 100.0 |       0 |      14 | 100.0
            +---------+---------+-------+---------+---------+-------
